 Dungeon Crawl Stone Soup version 0.24.0-13-gcf9b319 (webtiles) character file.

Game seed: 3242652229240613890, levelgen mode: deterministic

759 Fang the Skirmisher (level 7, 0/66 HPs)
             Began as a Gargoyle Berserker on Nov 18, 2019.
             Was a Priest of Trog.
             Slain by an ogre
             ... wielding a +0 giant spiked club
              (2 damage)
             ... on level 5 of the Dungeon.
             The game lasted 00:05:01 (3443 turns).

Fang the Skirmisher (Gargoyle Berserker)            Turns: 3443, Time: 00:05:02

Health: 0/66       AC: 14    Str: 28    XL:     7   Next: 80%
Magic:  7/7        EV:  5    Int:  7    God:    Trog [***...]
Gold:   179        SH: 13    Dex: 12    Spells: 6/6 levels left

rFire    . . .     SeeInvis .   a - +0 hand axe
rCold    . . .     Gourm    .   p - +0 large shield
rNeg     + . .     Faith    .   b - +0 chain mail
rPois    ∞         Spirit   .   (no helmet)
rElec    +         Reflect  .   (no cloak)
rCorr    .         Harm     .   (no gloves)
MR       .....                  (no boots)
Stlth    ..........             h - amulet of regeneration
HPRegen  0.61/turn              (no ring)
MPRegen  0.10/turn              t - +3 ring of dexterity

@: berserking, very quick
A: negative energy resistance 1, electricity resistance, unbreathing,
petrification resistance, rot immunity, AC +4
a: Berserk, Trog's Hand, Renounce Religion


You were on level 5 of the Dungeon.
You worshipped Trog.
Trog was most pleased with you.
You were very hungry.

You visited 1 branch of the dungeon, and saw 5 of its levels.

You collected 179 gold pieces.

Inventory:

Hand Weapons
 a - a +0 hand axe (weapon)
Armour
 b - a +0 chain mail (worn)
 p - a +0 large shield (worn)
Jewellery
 h - an amulet of regeneration (around neck)
 t - a +3 ring of dexterity (right hand)
Scrolls
 e - 4 scrolls of immolation {unknown}
 j - 2 scrolls of remove curse {unknown}
 l - a scroll of enchant weapon {unknown}
 m - 5 scrolls of teleportation {unknown}
 n - a scroll of fog {unknown}
 s - 3 scrolls of magic mapping {unknown}
 u - a scroll of blinking {unknown}
 v - a scroll of noise {unknown}
 w - a scroll of amnesia {unknown}
Potions
 d - 2 potions of brilliance {unknown}
 f - a potion of flight {unknown}
 g - 2 potions of mutation {unknown}
 i - 2 potions of ambrosia {unknown}
 k - 2 potions of heal wounds {unknown}
 q - 3 potions of curing {unknown}
 r - 3 potions of cancellation {unknown}
 x - 3 potions of agility {unknown}
 z - a potion of haste {unknown}
Comestibles
 c - 7 rations
 o - 4 chunks of flesh


   Skills:
 + Level 5.6 Fighting
 + Level 4.6 Axes
 + Level 5.0 Armour
 + Level 3.7 Dodging


You had 6 spell levels left.
You didn't know any spells.
Your spell library was empty.

Dungeon Overview and Level Annotations

Branches:
Dungeon (5/15)
 Temple: D:4-7

Altars:
Elyvilon
Qazlal

Shops:
D:4 [

Annotations:
D:4 3 runed translucent doors, kd29's ghost, amateur MfSk


Innate Abilities, Weirdness & Mutations

You are resistant to torment.
Your stone body is resilient. (AC +4)
You are immune to poison.
You resist negative energy. (rN+)
You are resistant to electric shocks. (rElec)
You can survive without breathing.
You are immune to petrification.
You are immune to rotting.


Message History

* * * LOW HITPOINT WARNING * * *
You are too injured to fight recklessly!
You are too injured to fight recklessly!
You are too injured to fight recklessly!
You are too injured to fight recklessly!
You are too injured to fight recklessly!
You are too injured to fight recklessly!
You are too injured to fight recklessly!
You are too injured to fight recklessly!
You are too injured to fight recklessly!
You are too injured to fight recklessly!
A red film seems to cover your vision as you go berserk!
You feel yourself moving faster!
You feel mighty!
You are feeling very hungry.
The ogre hits you with a +0 giant spiked club!
* * * LOW HITPOINT WARNING * * *
You hit the ogre.
The ogre is moderately wounded.
The ogre hits you with a +0 giant spiked club.
You die...

.......# #..###..#...#####.##
.....#.##### #.......[..........#
...........(#########........[...
....)########.......#............
.....# #.♣...♣.#............
####.# #.......#.....###.... #.#
#..$....##...## ##.## #.#
#....O..#....#####.## #.#
#.♣.@.♣.#.)........ #.[
#...(..(#.########. ###
####'####.# #......# ######## # #
#


You could see an ogre.

Vanquished Creatures
  A sky beast (D:5)
  A necrophage (D:5)
  2 ogres (D:5)
  A scorpion (D:5)
  A quasit (D:5)
  2 orc priests
  2 worker ants (D:4)
  3 gnolls (D:3)
  7 adders
  3 shadow imps
  3 oozes
  2 worms
  A dart slug (D:1)
  4 leopard geckos
  7 orcs
  4 giant cockroaches
  6 goblins
  4 hobgoblins
  A quokka (D:2)
  4 bats
  6 frilled lizards
  7 kobolds
  11 rats
83 creatures vanquished.

Notes
Turn   | Place    | Note
-------+----------+-------------------------------------------
     0 | D:1      | Fang the Gargoyle Berserker began the quest for the Orb.
     0 | D:1      | Reached XP level 1. HP: 14/14 MP: 1/1
    66 | D:1      | Reached XP level 2. HP: 16/19 MP: 2/2
   388 | D:1      | Reached XP level 3. HP: 22/23 MP: 3/3
   404 | D:1      | Reached ** piety under Trog
  1435 | D:3      | Reached XP level 4. HP: 29/29 MP: 4/4
  1472 | D:3      | Found a stormy altar of Qazlal.
  1560 | D:3      | Reached XP level 5. HP: 33/33 MP: 5/5
  2078 | D:4      | Found a runed translucent gate.
  2078 | D:4      | Found a runed translucent gate.
  2078 | D:4      | Found a runed translucent gate.
  2103 | D:4      | Noticed kd29's ghost (amateur MfSk)
  2103 | D:4      | Noticed an ice beast
  2104 | D:4      | Noticed an ice beast
  2355 | D:4      | Found a white marble altar of Elyvilon.
  2398 | D:4      | Reached XP level 6. HP: 31/39 MP: 6/6
  2546 | D:4      | Found Licajoco's Antique Armour Emporium.
  2819 | D:5      | Entered Level 5 of the Dungeon
  2938 | D:5      | Noticed a sky beast
  2998 | D:5      | Killed a sky beast
  2998 | D:5      | Reached *** piety under Trog
  2998 | D:5      | Reached skill level 5 in Fighting
  3024 | D:5      | Reached XP level 7. HP: 40/44 MP: 7/7
  3394 | D:5      | Reached skill level 5 in Armour
  3442 | D:5      | HP: 2/66 [ogre/+0 giant spiked club (17)]
  3443 | D:5      | Slain by an ogre

Levels and vault maps discovered:
D:1:      dpeg_arrival_oval, layout_basic, minmay_cupped
D:2:      minmay_angry_zag, layout_basic
D:3:      layout_loops_ring, nicolae_qazlal_general_emergency
D:4:      cheibrodos_old_hovel, layout_loops_cross, kennysheep_little_box,
          gammafunk_ghost_icy, serial_shops, shop, first_ration
D:5:      layout_loops_ring, abandoned_shop, kennysheep_small_square,
          uniq_crazy_yiuf_cottage

Skill      XL: |  1  2  3  4  5  6  7 |
---------------+----------------------+-----
Axes           | 3 4 |  4.6
Dodging        | 2 3 |  3.7
Armour         | 3 4 5 |  5.0
Fighting       | 4 5 |  5.6

Action                   |  1- 3 |  4- 6 |  7- 9 || total
-------------------------+-------+-------+-------++-------
Melee: Hand axe          |   163 |   231 |    55 ||   449
Invok: Berserk           |       |     3 |     2 ||     5
       Trog's Hand       |       |     1 |       ||     1
 Stab: Sleeping          |     1 |     1 |       ||     2
  Eat: Chunk             |     2 |     8 |     3 ||    13
Armor: Animal skin       |    51 |    76 |       ||   127
       Chain mail        |       |    53 |    19 ||    72
Dodge: Dodged            |   101 |    63 |    10 ||   174
Block: Large shield      |     5 |   150 |    27 ||   182
